 Dungeon Crawl Stone Soup version 0.26-b1-32-g5d43845318 (webtiles) character file.

Game seed: 15474784373070327302

8278 DearestLeader the Cleaver (level 11, -6/89 HPs)
             Began as a Minotaur Fighter on Jan 4, 2021.
             Was an Elder of Okawaru.
             Mangled by an 18-headed hydra (8 damage)
             ... on level 1 of the Lair of Beasts.
             The game lasted 00:19:53 (9642 turns).

DearestLeader the Cleaver (Minotaur Fighter)        Turns: 9642, Time: 00:19:54

Health: -6/89      AC: 21    Str: 24    XL:     11   Next: 7%
Magic:  7/13       EV:  9    Int:  5    God:    Okawaru [****..]
Gold:   588        SH: 19    Dex: 10    Spells: 10/10 levels left

rFire    + . .     SeeInvis +   G - +5 hand axe "Mocu" {vorpal, Fragile rElec rN++ SInv}
rCold    + . .     Faith    .   c - +0 kite shield
rNeg     + + .     Spirit   .   D - +0 plate armour
rPois    .         Reflect  +   (helmet restricted)
rElec    +         Harm     .   C - +0 cloak
rCorr    .         Rampage  .   L - +1 pair of gloves
Will     .....                  (no boots)
Stlth    ..........             k - amulet of reflection
HPRegen  0.24/turn              b - ring of protection from fire
MPRegen  0.13/turn              B - ring of protection from cold

@: lethally poisoned (-6 -> -8), heroism, finesse
A: retaliatory headbutt, horns 2
a: Renounce Religion, Heroism


You were on level 1 of the Lair of Beasts.
You worshipped Okawaru.
Okawaru was greatly pleased with you.
You visited 3 branches of the dungeon, and saw 12 of its levels.

You collected 588 gold pieces.

Inventory:

Hand Weapons
 o - a +1 vorpal flail
 G - the +5 hand axe "Mocu" (weapon) {vorpal, Fragile rElec rN++ SInv}
   (You found it on level 6 of the Dungeon)

   It inflicts extra damage upon your enemies.
   It insulates you from electricity.
   It greatly protects you from negative energy.
   It lets you see invisible.
   It will be destroyed if unequipped.
Missiles
 h - a throwing net
 J - 29 poisoned darts (quivered)
Armour
 c - a +0 kite shield (worn)
 C - a +0 cloak (worn)
 D - a +0 plate armour (worn)
 L - a +1 pair of gloves (worn)
Jewellery
 a - an uncursed ring of protection from fire
 b - a ring of protection from fire (left hand)
 k - an amulet of reflection (around neck)
 r - an uncursed ring of magical power
 s - an uncursed amulet of faith
 B - a ring of protection from cold (right hand)
 H - a +4 ring of protection
 K - an uncursed amulet of guardian spirit
 N - an uncursed ring of ice
 P - a +4 ring of evasion {unknown}
Wands
 m - a wand of paralysis (7)
 E - a wand of random effects (18)
 O - a wand of flame (13)
Scrolls
 n - a scroll of silence
 q - 7 scrolls of teleportation
 t - a scroll of fear {unknown}
 u - 3 scrolls of amnesia
 w - 2 scrolls of enchant weapon
 x - a scroll of magic mapping
 y - 7 scrolls of remove curse
 z - 3 scrolls of immolation
 I - 2 scrolls of enchant armour {unknown}
 M - 2 scrolls of blinking
Potions
 d - a potion of might
 e - 2 potions of mutation {unknown}
 f - 4 potions of haste
 g - 3 potions of flight
 i - 2 potions of berserk rage
 j - a potion of resistance
 l - a potion of heal wounds
 p - a potion of brilliance {unknown}
 v - a potion of curing
 A - 6 potions of attraction {unknown}
 F - a potion of degeneration {unknown}


   Skills:
 - Level 5.8(10.8) Fighting
 * Level 13.4(18.4) Axes
 + Level 10.3(15.3) Armour
 + Level 9.7(14.7) Shields
 + Level 5.1 Invocations


You had 10 spell levels left.
You didn't know any spells.
Your spell library contained the following spells:

 Spells                   Type           Power        Failure   Level
 Shock                    Conj/Air       0%           99%         1
 Swiftness                Air            0%           99%         2
 Static Discharge         Conj/Air       0%           100%        3
 Airstrike                Air            0%           100%        4
 Lightning Bolt           Conj/Air       0%           100%        5


Dungeon Overview and Level Annotations

Branches:
Dungeon (10/15)            Temple (1/1) D:5            Lair (1/6) D:9
    Orc (0/2) D:9

Altars:
Ashenzari
Cheibriados
Dithmenos
Elyvilon
Fedhas
Gozag
Hepliaklqana
Kikubaaqudgha
Makhleb
Nemelex Xobeh
Okawaru
Qazlal
Ru
Sif Muna
Trog
Uskayaw
Vehumet
Wu Jian
Xom
Yredelemnul
Zin
The Shining One
Beogh

Shops:
D:5 =

Annotations:
D:6 3 runed translucent doors, mojasp's ghost, novice DDFi
D:9 3 runed translucent doors, Oto Noa's ghost, novice MiBe


Innate Abilities, Weirdness & Mutations

You reflexively headbutt those who attack you in melee.
You have a pair of horns on your head.


Message History

That's the wrong kind of item! (Use * to select it.) Evoke which item? (* to show all) (? for menu, Esc to quit)
That's the wrong kind of item! (Use * to select it.) Evoke which item? (* to show all) (? for menu, Esc to quit)
Okay, then.
Evoke which item? (* to show all) (? for menu, Esc to quit)
Aiming: Random Effects
Press: ? - help, Shift-Dir - straight line, f - 18-headed hydra
Aim: an 18-headed hydra (moderately wounded)
The 18-headed hydra resists with almost no effort.
You block the 18-headed hydra's attack. x2; The 18-headed hydra bites you!
* * * LOW HITPOINT WARNING * * *
The 18-headed hydra bites you!
* * * LOW HITPOINT WARNING * * *
You block the 18-headed hydra's attack. x2
The 18-headed hydra bites you but does no damage.
The 18-headed hydra closely misses you.
The 18-headed hydra bites you but does no damage.
The 18-headed hydra bites you!
You die...

.+###.##...........
+........†.........
#.$..P.............
#............#.....
...................
#............#....
........#....########.
.#P..###..D..........
.........@.........#
.....####.##.###...#
.... #.........#...# .
#.........#...#
#.........#...##
#..##.#........## #..
###..≈≈.≈...# #..
##.≈≈≈≈≈≈≈≈.#
#.≈≈≈≈≈≈≈≈..#


You could see a 18-headed hydra.

Vanquished Creatures
  Pikel (D:5)
  A troll (D:10)
  8 yaks
  2 wyverns (D:10)
  2 wargs (D:9)
  4 water moccasins
  5 orc warriors
  A black bear (D:10)
  A sky beast (D:8)
  7 phantoms
  A necrophage (D:8)
  4 ogres
  4 ice beasts
  4 centaurs
  A lemure (D:4)
  2 bullfrogs
  A water moccasin zombie (D:7)
  2 scorpions
  A water moccasin skeleton (D:9)
  11 killer bees (D:10)
  13 wights
  2 howler monkeys
  A bullfrog zombie (D:5)
  A centaur zombie (D:5)
  A quasit (D:6)
  A jelly (D:10)
  Crazy Yiuf (D:5)
  9 orc priests
  8 hounds
  A centaur skeleton (D:4)
  Jessica (D:2)
  Terence (D:1)
  5 iguanas
  11 orc wizards
  5 worker ants
  A hound zombie (D:7)
  A hound skeleton (D:8)
  A worker ant zombie (D:5)
  10 gnolls
  11 adders
  A shadow imp (D:9)
  A white imp (D:8)
  An ufetubus (D:4)
  An ooze (D:2)
  An adder zombie (D:7)
  2 adder skeletons
  2 worms
  2 dart slugs
  5 leopard geckos
  52 orcs
  6 bats
  3 giant cockroaches
  9 goblins
  4 hobgoblins
  2 jackals (D:7)
  10 kobolds
  A quokka (D:8)
  A ball python (D:3)
  2 frilled lizards
  2 jackal skeletons
  A leopard gecko skeleton (D:4)
  7 rats
264 creatures vanquished.

Vanquished Creatures (others)
  An orc wizard (D:6)
  A fungus (Lair:1)
2 creatures vanquished.

Grand Total: 266 creatures vanquished

Notes
Turn   | Place    | Note
-------+----------+-------------------------------------------
     0 | D:1      | DearestLeader the Minotaur Fighter began the quest for the
                  | Orb.
     0 | D:1      | Reached XP level 1. HP: 19/19 MP: 0/0
   228 | D:1      | Reached skill level 3 in Axes
   231 | D:1      | Reached XP level 2. HP: 15/26 MP: 1/1
   415 | D:1      | You fall into a shaft and drop 1 floor!
   420 | D:2      | Noticed Terence
   421 | D:2      | Noticed Jessica
   447 | D:1      | Killed Terence
   448 | D:1      | Reached skill level 4 in Axes
   448 | D:1      | Reached XP level 3. HP: 16/31 MP: 2/2
  1061 | D:2      | Killed Jessica
  1062 | D:2      | Reached XP level 4. HP: 37/39 MP: 3/3
  1149 | D:2      | Found a burning altar of Makhleb.
  1158 | D:2      | Reached skill level 5 in Axes
  1228 | D:2      | Found a blossoming altar of Fedhas.
  1440 | D:2      | Reached XP level 5. HP: 40/45 MP: 4/4
  1697 | D:3      | Reached skill level 5 in Armour
  2033 | D:3      | Reached skill level 6 in Axes
  2267 | D:3      | Reached XP level 6. HP: 40/51 MP: 5/5
  2419 | D:3      | Found a stormy altar of Qazlal.
  2837 | D:4      | Reached skill level 7 in Axes
  2878 | D:4      | Reached XP level 7. HP: 46/57 MP: 6/6
  3071 | D:4      | Reached skill level 5 in Shields
  3697 | D:5      | Entered Level 5 of the Dungeon
  3712 | D:5      | Noticed Pikel
  3799 | D:5      | Killed Pikel
  3800 | D:5      | Reached skill level 8 in Axes
  3800 | D:5      | Reached XP level 8. HP: 59/64 MP: 7/7
  3890 | D:5      | Reached skill level 9 in Axes
  4159 | D:5      | Identified the +1 robe of Claustrophobia {Dex+3}
  4355 | D:5      | Found Doreoxzi's Jewellery Boutique.
  4534 | D:5      | Reached skill level 10 in Axes
  4582 | D:5      | Found a hide-covered altar of Uskayaw.
  4730 | D:5      | Found a staircase to the Ecumenical Temple.
  4739 | Temple   | Entered the Ecumenical Temple
  4878 | D:5      | Found a runed translucent door.
  4879 | D:5      | Noticed Crazy Yiuf
  4888 | D:5      | Killed Crazy Yiuf
  5212 | D:6      | Found an iron altar of Okawaru.
  5226 | D:6      | Became a worshipper of Warmaster Okawaru
  5274 | D:6      | Reached XP level 9. HP: 35/71 MP: 8/8
  5484 | D:6      | Noticed mojasp's ghost (novice DDFi)
  5705 | D:6      | Found a runed translucent gate.
  5705 | D:6      | Found a runed translucent gate.
  5705 | D:6      | Found a runed translucent gate.
  6030 | D:6      | Got a slimy hand axe
  6030 | D:6      | Identified the +5 hand axe "Mocu" {vorpal, Fragile rElec
                  | rN++ SInv} (You found it on level 6 of the Dungeon)
  6623 | D:7      | Found a sparkling altar of Nemelex Xobeh.
  6699 | D:7      | Reached skill level 1 in Invocations
  6730 | D:7      | Reached skill level 11 in Axes
  6780 | D:7      | Found an iron altar of Okawaru.
  6787 | D:7      | Found a broken altar of Ashenzari.
  6860 | D:7      | Reached skill level 5 in Fighting
  6879 | D:7      | Reached * piety under Okawaru
  7346 | D:8      | Reached ** piety under Okawaru
  7351 | D:8      | Reached XP level 10. HP: 83/83 MP: 11/11
  7701 | D:8      | Found a shimmering altar of Xom.
  7701 | D:8      | Found a glowing golden altar of the Shining One.
  7763 | D:9      | Reached skill level 12 in Axes
  7913 | D:9      | Reached *** piety under Okawaru
  7987 | D:9      | Found a staircase to the Orcish Mines.
  8036 | D:9      | Found a runed translucent gate.
  8036 | D:9      | Noticed Oto Noa's ghost (novice MiBe)
  8073 | D:9      | Found an iron altar of Okawaru.
  8184 | D:9      | Found a staircase to the Lair.
  8320 | D:9      | Found a runed translucent gate.
  8320 | D:9      | Identified the +8 long sword "Jutimmum" {vamp, +Fly rF+}
  8321 | D:9      | Found a runed translucent gate.
  8326 | D:9      | Found a roughly hewn altar of Beogh.
  8472 | D:10     | Entered Level 10 of the Dungeon
  8483 | D:10     | Reached **** piety under Okawaru
  8505 | D:10     | Reached skill level 13 in Axes
  8505 | D:10     | Reached skill level 10 in Armour
  8949 | D:10     | Reached skill level 5 in Invocations
  8949 | D:10     | Reached XP level 11. HP: 75/89 MP: 13/13
  9427 | D:10     | Reached ***** piety under Okawaru
  9596 | Lair:1   | Entered Level 1 of the Lair of Beasts
  9615 | Lair:1   | Noticed a seven-headed hydra
  9633 | Lair:1   | HP: 2/89 [17-headed hydra (10)]
  9642 | Lair:1   | HP: 2/89 [18-headed hydra (7)]
  9642 | Lair:1   | Mangled by an 18-headed hydra

Illustrated notes

Levels and vault maps discovered:
D:1:      nagdon_arrival_double_spiral, layout_basic
D:2:      layout_rooms, makhleb_blood_cavern_becter, fedhas_altar_1,
          uniq_terence, uniq_jessica
D:3:      layout_basic, grunt_qazlal_clouds
D:4:      layout_cave_pools, minmay_misc_feat_nine_boxes,
          chequers_serial_rivers_small_b, grunt_decor_mini_mirrors
D:5:      layout_rooms, minmay_temple_entry_antechambers, serial_shops, shop,
          basic_altar, uniq_pikel, uniq_crazy_yiuf_cottage
D:6:      layout_layer_cave, gammafunk_ghost_split, kennysheep_okawaru_gauntlet
D:7:      layout_cave_pools, grunt_temple_overflow_open,
          hangedman_abyss_or_decor_stabs
D:8:      layout_gridville, nicolae_overflow_hidden_temple
D:9:      layout_rooms, erik_lair_orcish_takeover, david_orc_2,
          biasface_ghost_orc_armoury, basic_altar
D:10:     layout_gridville
Temple:   nicolae_temple_x_marks_the_god
Lair:1:   layout_chaotic_city, infiniplex_staircase_pool_2, lemuel_fruit_fields

Skill      XL: |  1  2  3  4  5  6  7  8  9 10 |
---------------+-------------------------------+-----
Axes           | 3 4 5 6 7 8 10 11 13 | 13.4
Armour         | 4 5 6 8 9 10 | 10.3
Shields        | 4 6 7 8 9 |  9.7
Fighting       | 4 5 |  5.8
Invocations    | 2 5 |  5.1

Action                   |  1- 3 |  4- 6 |  7- 9 | 10-12 || total
-------------------------+-------+-------+-------+-------++-------
Melee: War axe           |    43 |     5 |       |       ||    48
       Headbutt          |     5 |    24 |    79 |    53 ||   161
       Hand axe          |       |    98 |   103 |   277 ||   478
       Flail             |       |    67 |   233 |       ||   300
Throw: Dart              |       |       |    12 |       ||    12
Invok: Heroism           |       |       |       |     1 ||     1
       Finesse           |       |       |       |     1 ||     1
Evoke: Wand              |       |       |       |     1 ||     1
  Use: Scroll            |       |     8 |     7 |     6 ||    21
       Potion            |       |       |     3 |     1 ||     4
Armor: Scale mail        |    21 |    18 |       |       ||    39
       Chain mail        |       |    40 |    89 |       ||   129
       Plate armour      |       |       |    42 |    91 ||   133
Dodge: Dodged            |     8 |    32 |    48 |    36 ||   124
Block: Kite shield       |    25 |   122 |   250 |   223 ||   620
       Reflection        |       |     9 |     5 |    10 ||    24
